 Dungeon Sprint DCSS version 0.14-a0-1413-g94b8a5e (webtiles) character file.

10911 Bloax the Markscentaur (level 11, -5/92 HPs)
             Began as a Centaur Hunter on Dec 11, 2013.
             Was the Champion of Cheibriados.
             Killed from afar by a titan (41 damage)
             ... with a bolt of lightning
             ... in the Dungeon (Sprint V: "Ziggurat Sprint").
             The game lasted 00:10:46 (654 turns).

Bloax the Markscentaur (Centaur Hunter)              Turns: 654, Time: 00:10:47

HP  -5/92        AC 26     Str 47      XL: 11   Next: 42%
MP  18/23        EV  2     Int 28      God: Cheibriados [******]
Gold 0           SH  0     Dex 25      Spells:  0 memorised, 10 levels left

rFire  + . .     SeeInvis .     G - +2,+10 longbow "Piercer" {penet, EV-2}
rCold  + . .     Clarity  .     d - +9 gold dragon armour
rNeg   . . .     Conserve +     (no shield)
rPois  +         rCorr    .     (no helmet)
rElec  .         rRot     .     U - +0 cloak
SustAb . .       Spirit   .     (no gloves)
rMut   .         Warding  .     (no barding)
Saprov . . .     NoTele   +     o - amulet "Lyaph" {Cons Str+3 Dex-1 Int+3}
                                h - +6 ring of strength
                                a - +6 ring of strength

@: studying Stealth, very slow, somewhat resistant to hostile enchantments,
extremely unstealthy
A: hooves 3, deformed body, herbivore 1, speed 2, fast metabolism 1, tough skin
3
a: Bend Time, Temporal Distortion, Slouch, Step From Time, Renounce Religion


You were in the Dungeon.
You worshipped Cheibriados.
Cheibriados was exalted by your worship.
You were full.

You visited 1 branch


Innate Abilities, Weirdness & Mutations

You have hooves in place of feet.
Armour fits poorly on your strangely shaped body.
You digest meat inefficiently.
You cover ground very quickly.
You have a fast metabolism.
You have extremely tough skin (AC +3).


   Skills:
 - Level 7.0 Fighting
 + Level 12.8 Maces & Flails
 + Level 19.5 Bows
 + Level 12.2 Armour
 - Level 1.3 Dodging
 - Level 0.5 Stealth
 - Level 9.8 Invocations


You had 10 spell levels left.
You didn't know any spells.

Dungeon Overview and Level Annotations

Branches:
Dungeon (1/1)

Altars:
Ashenzari
Cheibriados
Elyvilon
Fedhas
Kikubaaqudgha
Makhleb
Nemelex Xobeh
Okawaru
Sif Muna
Trog
Vehumet
Xom
Yredelemnul
Zin
the Shining One
Beogh
Jiyva
Lugonu

Inventory:

Hand weapons
 E - the cursed +4,+8 shillelagh "Devastator"
   (You found it in the Dungeon)

   It has a curse placed upon it.
 F - the +6,+6 dark maul {crush}
   (You found it in the Dungeon)

   It inflicts extra damage upon your enemies.
 G - the +2,+10 longbow "Piercer" (weapon) {penet, EV-2}
   (You found it in the Dungeon)

   Ammo fired by it will pass through the targets it hits, potentially hitting
   all targets in its path until it reaches maximum range.
   It affects your evasion (-2).
 L - the +9,+9 Staff of Wucad Mu
   (You found it in the Dungeon)
Missiles
 c - 760 arrows (quivered)
Armour
 d - a +9 gold dragon armour (worn)
   (You found it in the Dungeon)
 U - a +0 cloak (worn)
   (You took it off a draconian in the Dungeon)
Magical devices
 y - a wand of disintegration (6)
   (You found it in the Dungeon)
 B - a wand of fire (3)
   (You found it in the Dungeon)
 C - a wand of cold (0)
   (You found it in the Dungeon)
 D - a wand of draining (1)
   (You found it in the Dungeon)
Comestibles
 f - 6 bread rations
 z - 42 strawberries
 A - 4 meat rations
Scrolls
 k - 4 scrolls of blinking
 r - 4 scrolls of amnesia
 s - 3 scrolls of recharging
 t - 7 scrolls of fog
 u - 4 scrolls of identify
 v - 3 scrolls of remove curse
 w - 2 scrolls of fear
 x - a scroll of holy word
Jewellery
 a - a +6 ring of strength (left hand)
   (You found it in the Dungeon)
 h - a +6 ring of strength (right hand)
   (You found it in the Dungeon)
 o - the amulet "Lyaph" (around neck) {Cons Str+3 Dex-1 Int+3}
   (You found it in the Dungeon)

   [amulet of conservation]

   It affects your strength (+3).
   It affects your intelligence (+3).
   It affects your dexterity (-1).
 K - the amulet "Jaocul" {Faith rC++}
   (You found it in the Dungeon)

   [amulet of faith]

   It greatly protects you from cold.
 P - an uncursed ring of protection from cold
   (You found it in the Dungeon)
Potions
 e - 10 potions of curing
 g - 7 potions of heal wounds
 i - 7 potions of magic
 j - 2 potions of brilliance
 l - 2 potions of invisibility
 m - 2 potions of restore abilities
 n - 4 potions of resistance
 p - 5 potions of agility
 q - 5 potions of might
Books
 H - a manual of Stealth {!d}
   (You found it in the Dungeon)
 I - a book of Battle
   (You found it in the Dungeon)

   Spells                             Type                      Level
   Infusion                           Charms                       1
   Shroud of Golubria                 Charms/Translocation         2
   Song of Slaying                    Charms                       2
   Spectral Weapon                    Hexes/Charms                 3
   Regeneration                       Charms/Necromancy            3
 M - a book of the Earth
   (You found it in the Dungeon)

   Spells                             Type                      Level
   Dig                                Earth                        4
   Leda's Liquefaction                Hexes/Earth                  4
   Bolt of Magma                      Conjuration/Fire/Earth       5
   Statue Form                        Transmutation/Earth          6
   Iron Shot                          Conjuration/Earth            6
   Shatter                            Earth                        9
 N - a book of Minor Magic
   (You found it in the Dungeon)

   Spells                             Type                      Level
   Magic Dart                         Conjuration                  1
   Blink                              Translocation                2
   Call Imp                           Summoning                    2
   Repel Missiles                     Charms/Air                   2
   Slow                               Hexes                        2
   Conjure Flame                      Conjuration/Fire             3
   Mephitic Cloud                     Conjuration/Poison/Air       3
Miscellaneous
 b - a stone of tremors
   (You found it in the Dungeon)
 J - a fan of gales
   (You found it in the Dungeon)
 O - a fan of gales
   (You found it in the Dungeon)

:}¤ #..))}.}..#
.C¤:.==..#...[..}..#
#...D.....#.........#
#...i.....#.........#
#....C....#..[......#
#.........#..)).....#
#.........#.#))...#.#
#.........#..)).....#
#....@....###########
###########


You could see 2 titans, a storm dragon and a spriggan air mage.


Message History

P - an uncursed ring of protection from cold You see here the +0 robe of Inquiry {Str+3 Int+3}.
c - 753 arrows (gained 2)
You see here an uncursed glowing short sword.
c - 755 arrows (gained 2)
c - 757 arrows (gained 2)
c - 760 arrows (gained 3) Wield which item (- for none, * to show all)? (? for menu, Esc to quit)
F - the +6,+6 dark maul (weapon)
{crush} You swing at nothing.
You swing at nothing.
You swing at nothing.
You swing at nothing.
You swing at nothing.
You swing at nothing.
You swing at nothing.
You swing at nothing.
You swing at nothing.
You swing at nothing.
You swing at nothing.
You swing at nothing.
You swing at nothing.
You swing at nothing.
You swing at nothing.
You swing at nothing.
You swing at nothing.
You swing at nothing.
You swing at nothing.
You swing at nothing.
You swing at nothing.
You swing at nothing.
You swing at nothing.
You swing at nothing.
You swing at nothing.
You swing at nothing.
You swing at nothing.
You swing at nothing.
You swing at nothing.
You swing at nothing.
You swing at nothing.
You swing at nothing.
You swing at nothing.
Wield which item (- for none, * to show all)? (? for menu, Esc to quit)
Your hands briefly pass through it before you manage to get a firm grip on it.
G - the +2,+10 longbow "Piercer" (weapon)
{penet, EV-2} You see here a plain deck of changes.
Your surroundings seem different!
Welcome to arena 11.
A storm dragon, an air elemental, 2 insubstantial wisps, a spriggan air mage and a titan come into view.
The insubstantial wisp gives a chilling moan.
The spriggan air mage shouts!
The titan shouts!
The spriggan air mage picks up an uncursed staff of death.
The spriggan air mage wields an uncursed staff of death.
The insubstantial wisp blinks!
The storm dragon breathes lightning at you.
The bolt of lightning hits you!
* * * LOW HITPOINT WARNING * * *
Found seven items.
A titan comes into view.
Use which ability? (? or * to list)
You can feel time thicken for a moment.
You destroy the air elemental!
Cheibriados thoroughly appreciates the change of pace.
You destroy the insubstantial wisp!
Cheibriados thoroughly appreciates the change of pace.
You destroy the insubstantial wisp!
Cheibriados thoroughly appreciates the change of pace.
You feel somewhat less full. The titan casts a spell at you.
The bolt of lightning hits something.
The bolt of lightning hits you!
You die...

Action                   |  1- 3 |  4- 6 |  7- 9 | 10-12 || total
-------------------------+-------+-------+-------+-------++-------
Melee: Maul              |       |       |     1 |       ||     1
 Fire: Longbow           |       |     4 |    41 |    51 ||    96
Invok: Slouch            |       |       |       |     3 ||     3
       Bend Time         |       |       |       |     1 ||     1
Evoke: Wand              |     2 |     6 |     4 |       ||    12
       stone of tremors  |       |       |     1 |       ||     1
  Use: Potion            |       |     3 |     1 |     1 ||     5
       Scroll            |       |       |     2 |     4 ||     6

Vault maps used:
D:        sprint_v

Notes
Turn   | Place    | Note
--------------------------------------------------------------
     0 | D        | Bloax, the Centaur Hunter, began the quest for the Orb.
     0 | D        | Reached XP level 1. HP: 16/16 MP: 1/1
     7 | D        | Found an ancient bone altar of Kikubaaqudgha.
     9 | D        | Found a basalt altar of Yredelemnul.
     9 | D        | Found an iron altar of Okawaru.
    26 | D        | Became a worshipper of Cheibriados the Contemplative
    31 | D        | Found a radiant altar of Vehumet.
    33 | D        | Found a burning altar of Makhleb.
    34 | D        | Found a white marble altar of Elyvilon.
    35 | D        | Found a sparkling altar of Nemelex Xobeh.
    35 | D        | Found a deep blue altar of Sif Muna.
    36 | D        | Found a bloodstained altar of Trog.
    67 | D        | Found a shimmering altar of Xom.
   101 | D        | Entered arena 1.
   101 | D        | Noticed a merfolk
   101 | D        | Noticed a merfolk
   104 | D        | Killed a merfolk
   104 | D        | Reached skill level 5 in Fighting
   104 | D        | Reached skill level 8 in Bows
   104 | D        | Reached skill level 3 in Armour
   104 | D        | Reached XP level 2. HP: 11/29 MP: 2/2
   104 | D        | Reached XP level 3. HP: 13/36 MP: 3/3
   104 | D        | Reached XP level 4. HP: 15/42 MP: 3/3
   109 | D        | Killed a merfolk
   109 | D        | Reached skill level 7 in Fighting
   109 | D        | Reached skill level 10 in Bows
   109 | D        | Reached skill level 5 in Armour
   109 | D        | Reached XP level 5. HP: 26/52 MP: 4/4
   114 | D        | Reached skill level 9 in Invocations
   114 | D        | Reached XP level 6. HP: 31/60 MP: 2/17
   119 | D        | Entered arena 2.
   119 | D        | Noticed a merfolk
   119 | D        | Noticed a merfolk
   119 | D        | Noticed a merfolk
   124 | D        | HP: 12/60 [merfolk/trident (16)]
   127 | D        | Killed a merfolk
   127 | D        | Reached skill level 2 in Maces & Flails
   127 | D        | Reached skill level 11 in Bows
   127 | D        | Reached XP level 7. HP: 18/66 MP: 3/18
   128 | D        | Killed a merfolk
   128 | D        | Reached skill level 3 in Maces & Flails
   128 | D        | Reached skill level 6 in Armour
   129 | D        | HP: 9/66 [merfolk/uncursed staff of poison (6)]
   131 | D        | Killed a merfolk
   131 | D        | Reached skill level 4 in Maces & Flails
   131 | D        | Reached skill level 12 in Bows
   178 | D        | Entered arena 3.
   198 | D        | Entered arena 4.
   198 | D        | Noticed a porcupine
   198 | D        | Noticed a porcupine
   203 | D        | Killed a porcupine
   203 | D        | Reached XP level 8. HP: 26/73 MP: 16/20
   204 | D        | Killed a porcupine
   204 | D        | Reached skill level 5 in Maces & Flails
   204 | D        | Reached skill level 7 in Armour
   212 | D        | Got the amulet "Lyaph" {Cons Str+3 Dex-1 Int+3}
   224 | D        | Entered arena 5.
   224 | D        | Noticed a hell hound
   224 | D        | Noticed an iron imp
   224 | D        | Noticed an iron imp
   224 | D        | Noticed a hell hound
   227 | D        | HP: 18/73 [hell hound/blast of flame (5)]
   229 | D        | Killed an iron imp
   230 | D        | Killed a hell hound
   230 | D        | Reached skill level 13 in Bows
   233 | D        | HP: 16/73 [hell hound (3)]
   235 | D        | Killed a hell hound
   239 | D        | Killed an iron imp
   306 | D        | Entered arena 6.
   306 | D        | Noticed a crimson imp
   306 | D        | Noticed a ynoxinul
   306 | D        | Noticed a tentacled starspawn
   306 | D        | Noticed a starcursed mass
   309 | D        | Acquired Cheibriados' first power
   313 | D        | Killed a crimson imp
   313 | D        | Reached skill level 6 in Maces & Flails
   313 | D        | Killed a ynoxinul
   313 | D        | Acquired Cheibriados' second power
   314 | D        | Killed a tentacled starspawn
   314 | D        | Reached skill level 8 in Maces & Flails
   314 | D        | Reached skill level 15 in Bows
   314 | D        | Reached skill level 9 in Armour
   314 | D        | Reached XP level 9. HP: 34/79 MP: 21/21
   322 | D        | HP: 18/79 [starcursed mass/accursed screaming (8)]
   325 | D        | Killed a starcursed mass
   325 | D        | Reached skill level 9 in Maces & Flails
   325 | D        | Killed a starcursed mass
   325 | D        | Reached skill level 16 in Bows
   413 | D        | Entered arena 7.
   413 | D        | Noticed a basilisk
   413 | D        | Noticed a porcupine
   413 | D        | Noticed a wolf
   413 | D        | Noticed a giant frog
   414 | D        | Killed a porcupine
   414 | D        | Acquired Cheibriados' third power
   414 | D        | Reached XP level 10. HP: 68/86 MP: 22/22
   415 | D        | Killed a giant frog
   416 | D        | Killed a wolf
   419 | D        | Killed a basilisk
   419 | D        | Reached skill level 10 in Armour
   435 | D        | Entered arena 8.
   435 | D        | Noticed an insubstantial wisp
   435 | D        | Noticed an insubstantial wisp
   435 | D        | Noticed an insubstantial wisp
   435 | D        | Noticed an insubstantial wisp
   435 | D        | Noticed an insubstantial wisp
   435 | D        | Noticed an insubstantial wisp
   436 | D        | Killed an insubstantial wisp
   436 | D        | Killed an insubstantial wisp
   436 | D        | Reached skill level 10 in Maces & Flails
   436 | D        | Killed an insubstantial wisp
   436 | D        | Killed an insubstantial wisp
   436 | D        | Killed an insubstantial wisp
   436 | D        | Killed an insubstantial wisp
   441 | D        | Killed a vapour
   458 | D        | Entered arena 9.
   458 | D        | Noticed a neqoxec
   458 | D        | Noticed a ynoxinul
   458 | D        | Noticed a large abomination
   458 | D        | Noticed a sixfirhy
   459 | D        | Killed a neqoxec
   459 | D        | Reached skill level 17 in Bows
   462 | D        | Killed a ynoxinul
   463 | D        | Killed a sixfirhy
   465 | D        | Killed a large abomination
   475 | D        | Got the amulet "Jaocul" {Faith rC++}
   489 | D        | Entered arena 10.
   489 | D        | Noticed a white draconian
   489 | D        | Noticed a draconian
   489 | D        | Noticed a draconian
   489 | D        | Noticed a draconian
   489 | D        | Noticed a red draconian
   489 | D        | Noticed a purple draconian
   489 | D        | Noticed a draconian
   489 | D        | Noticed a draconian
   489 | D        | Noticed a draconian
   498 | D        | Killed a white draconian
   498 | D        | Reached skill level 11 in Maces & Flails
   498 | D        | Reached skill level 18 in Bows
   498 | D        | Reached skill level 11 in Armour
   500 | D        | Killed a purple draconian
   500 | D        | Reached XP level 11. HP: 60/92 MP: 23/23
   510 | D        | HP: 17/92 [draconian/dagger (7)]
   512 | D        | HP: 6/92 [draconian/flail (6)]
   518 | D        | Killed a red draconian
   518 | D        | Reached skill level 12 in Maces & Flails
   519 | D        | HP: 21/92 [draconian/great mace (3)]
   521 | D        | Killed a draconian
   524 | D        | Killed a draconian
   524 | D        | Killed a draconian
   524 | D        | Reached skill level 19 in Bows
   526 | D        | Killed a draconian
   526 | D        | Reached skill level 12 in Armour
   527 | D        | Killed a draconian
   531 | D        | Killed a draconian
   653 | D        | Entered arena 11.
   653 | D        | Noticed a storm dragon
   653 | D        | Noticed an insubstantial wisp
   653 | D        | Noticed an insubstantial wisp
   653 | D        | Noticed a spriggan air mage
   653 | D        | Noticed a titan
   653 | D        | Noticed an air elemental
   654 | D        | Noticed a titan
   654 | D        | Killed an air elemental
   654 | D        | Killed an insubstantial wisp
   654 | D        | Killed an insubstantial wisp
   654 | D        | Killed from afar by a titan

Vanquished Creatures
  A tentacled starspawn (D)
  A white draconian (D)
  A red draconian (D)
  A purple draconian (D)
  2 starcursed masses (D)
  A large abomination (D)
  A sixfirhy (D)
  6 draconians (D)
  A vapour (D)
  A basilisk (D)
  2 ynoxinuls (D)
  A neqoxec (D)
  An air elemental (D)
  5 merfolk (D)
  A wolf (D)
  2 hell hounds (D)
  3 porcupines (D)
  A giant frog (D)
  8 insubstantial wisps (D)
  A crimson imp (D)
  2 iron imps (D)
  4 mummies (D)
  An adder (D)
  A green rat (D)
  2 lemures (D)
  A white imp (D)
  A shadow imp (D)
  8 ufetubi (D)
  2 jackals (D)
63 creatures vanquished.

Vanquished Creatures (others)
  2 starspawn tentacles (D)
  29 starspawn tentacle segments (D)
31 creatures vanquished.

Grand Total: 94 creatures vanquished
